 Dungeon Crawl Stone Soup version 0.30-a0-1074-g5db6f66fbb (webtiles) character file.

Game seed: 10034732118488160225

3229 Hubris850 the Digger (level 9, 0/61 (62) HPs)
             Began as a Pale Draconian Earth Elementalist on Apr 13, 2023.
             Was a Follower of Zin.
             Slain by a wight
             ... wielding a +5 mace of freezing
              (1 damage)
             ... on level 6 of the Dungeon.
             The game lasted 00:29:13 (7307 turns).

Hubris850 the Digger (DrEE)                         Turns: 7307, Time: 00:29:14

HP:   0/61 (62)     AC: 11    Str: 11    XL:     9   Next: 66%
MP:   18/18         EV: 12    Int: 19    God:    Zin [*.....]
Gold: 188           SH:  0    Dex: 12    Spells: 10/20 levels left

rFire   + . .      SeeInvis +    a - +1 dagger (elec)
rCold   . . .      Faith    +    (no shield)
rNeg    . . .      Spirit   .    (body armour unavailable)
rPois   .          Reflect  .    (helmet restricted)
rElec   .          Rampage  .    (no cloak)
rCorr   .                        H - +2 pair of gloves
Will    .....                    D - +0 pair of boots
Stlth   ++                       B - amulet of faith
HPRegen 0.30/turn                n - ring of see invisible
MPRegen 0.16/turn                y - ring of protection from fire

@: slowed, lightly drained, very slow
A: breathe steam, AC +7, unfitting armour, cold-blooded, steam resistance
a: Breathe Steam, Renounce Religion, Recite, Donate Gold


You were on level 6 of the Dungeon.
You worshipped Zin.
Zin was aware of your devotion.
You visited 2 branches of the dungeon, and saw 8 of its levels.

You collected 316 gold pieces.
You spent 108 gold pieces at shops.
You donated 20 gold pieces to Zin.

Inventory:

Hand Weapons
 a - a +1 dagger of electrocution (weapon)
 b - a +0 dagger
 l - a +0 short sword
Missiles
 d - 17 poisoned darts
 e - 8 atropa-tipped darts
 k - 8 curare-tipped darts
Armour
 D - a +0 pair of boots (worn)
 F - a +0 pair of gloves
 H - a +2 pair of gloves (worn)
Jewellery
 n - a ring of see invisible (left hand)
 y - a ring of protection from fire (right hand)
 B - an amulet of faith (around neck)
 E - an amulet of guardian spirit
Wands
 o - a wand of quicksilver (17)
 G - a wand of roots (5)
Scrolls
 c - 3 scrolls of enchant armour
 g - 2 scrolls of fog
 p - 4 scrolls of vulnerability
 s - a scroll of noise {unknown}
 t - a scroll of amnesia {unknown}
 u - 2 scrolls of blinking {unknown}
 v - 2 scrolls of enchant weapon {unknown}
 x - a scroll of silence {unknown}
 z - a scroll of teleportation
 C - a scroll of immolation {unknown}
Potions
 f - a potion of lignification
 h - a potion of magic
 i - 2 potions of curing {unknown}
 j - 3 potions of flight {unknown}
 m - 2 potions of brilliance
 q - 2 potions of mutation
 r - a potion of resistance
 w - 2 potions of might {unknown}
 A - 3 potions of heal wounds {unknown}


   Skills:
 - Level 3.0 Short Blades
 - Level 3.2 Dodging
 - Level 2.0 Stealth
 + Level 6.3 Spellcasting
 + Level 6.0 Conjurations
 + Level 6.5 Transmutations
 + Level 7.1 Earth Magic


You had 10 spell levels left.
You knew the following spells:

 Your Spells              Type           Power      Damage    Failure   Level
a - Sandblast             Erth           66%        2d15      1%          1
b - Passwall              Tmut/Erth      26%        N/A       1%          2
c - Stone Arrow           Conj/Erth      62%        3d10      2%          3
d - Petrify               Tmut/Erth      32%        N/A       6%          4

Your spell library contained the following spells:

 Spells                   Type           Power      Damage    Failure   Level
 Beastly Appendage        Tmut           60%        N/A       1%          1
 Wereblood                Tmut           30%        N/A       1%          2
 Spider Form              Tmut/Pois      18%        N/A       9%          3
 Iskenderun's Battlesphe  Conj           28%        2d8       26%         5
 Fireball                 Conj/Fire      8%         3d6       65%         5
 Conjure Ball Lightning   Conj/Air       8%         3x3d6     99%         6
 Orb of Destruction       Conj           14%        9d7       100%        7


Dungeon Overview and Level Annotations

Branches:
Dungeon (7/15)             Temple (1/1) D:5

Altars:
Ashenzari
Cheibriados
Dithmenos
Elyvilon
Fedhas
Hepliaklqana
Kikubaaqudgha
Makhleb
Nemelex Xobeh
Okawaru
Qazlal
Ru
Sif Muna
Uskayaw
Vehumet
Wu Jian
Yredelemnul
Zin
The Shining One

Shops:
D:1 (   D:3 ![!*   D:6 (


Innate Abilities, Weirdness & Mutations

You can breathe blasts of scalding, opaque steam.
Your pale cyan-grey scales are hard. (AC +7)
You cannot fit into any form of body armour.
You are cold-blooded and may be slowed by cold attacks.
You are immune to the effects of steam.


Message History

The wight freezes you.
* * * LOW HITPOINT WARNING * * *
You closely miss the wight.
The wight is lightly damaged.
The wight barely misses you. x2
You hit the wight but do no damage.
The wight is lightly damaged.
The wight hits you but does no damage.
You closely miss the wight.
You tail-slap the wight, but do no damage.
The wight is lightly damaged.
You feel yourself speed up. The wight hits you but does no damage.
You hit the wight but do no damage. Lightning courses through the wight!
Your punch misses the wight.
The wight is severely damaged.
The wight closely misses you.
You hit the wight.
The wight is almost destroyed.
The wight hits you with a +5 mace of freezing.
* * * LOW HITPOINT WARNING * * *
You feel drained.
* * * LOW HITPOINT WARNING * * *
You feel yourself slow down. The wight freezes you.
* * * LOW HITPOINT WARNING * * *
You hit the wight but do no damage.
The wight is severely damaged.
The wight hits you with a +5 mace of freezing.
* * * LOW HITPOINT WARNING * * *
You feel as though you will be slow longer.
The wight freezes you.
* * * LOW HITPOINT WARNING * * *
Unknown command.
Unknown command.
You hit the wight but do no damage.
The wight is severely damaged.
The wight hits you with a +5 mace of freezing.
* * * LOW HITPOINT WARNING * * *
The wight freezes you.
You die...

#....>..# ##
#.......################ #####
#......................####....
##.....###############.........
##...## ######.(.. #####
###########.## ###...........##
########...##########..
###....z@..### ###..)))#
##..(#############...#####
##..####............###
#..####..############ ###
#.###...## #####.> ##.#
#################.....# #..#
#.............##### #.##
##.############# ### #._#


You could see a wight.

Vanquished Creatures
  5 yaks (D:6)
  2 steam dragons (D:7)
  A water moccasin (D:7)
  A sky beast (D:5)
  3 ice beasts
  2 black bears
  A centaur (D:6)
  4 ogres
  A phantom (D:6)
  4 bullfrogs
  3 scorpions
  A howler monkey (D:5)
  2 jellies
  3 hounds
  A gnoll bouda (D:7)
  2 sleepcaps
  Terence (D:2)
  4 iguanas
  Natasha (D:3)
  6 gnolls (D:7)
  7 adders
  2 shadow imps (D:6)
  2 white imps
  3 worms
  4 dart slugs
  12 orcs
  8 ball pythons
  3 bats
  13 endoplasms
  5 giant cockroaches
  16 goblins
  4 hobgoblins (D:1)
  2 jackals (D:3)
  2 quokkas (D:1)
  A frilled lizard (D:3)
  4 kobolds
  7 rats
143 creatures vanquished.

Notes
Turn   | Place    | Note
-------+----------+-------------------------------------------
     0 | D:1      | Hubris850 the Draconian Earth Elementalist began the quest
                  | for the Orb.
     0 | D:1      | Reached XP level 1. HP: 14/14 MP: 3/3
   135 | D:1      | Found Vefis's Antique Weapon Shop.
   228 | D:1      | Reached XP level 2. HP: 20/20 MP: 1/5
   823 | D:1      | Learned a level 2 spell: Passwall
   850 | D:1      | Reached XP level 3. HP: 26/26 MP: 4/6
  1598 | D:2      | Reached XP level 4. HP: 33/33 MP: 5/7
  2053 | D:3      | Found Setocsinwo's Distillery.
  2060 | D:3      | Bought a potion of mutation for 88 gold pieces
  2066 | D:3      | Found Hyla's Distillery.
  2071 | D:3      | Noticed Terence
  2084 | D:2      | Killed Terence
  2085 | D:2      | Reached skill level 1 in Short Blades
  2136 | D:3      | Bought 2 potions of degeneration for 20 gold pieces
  2184 | D:3      | Found Haemy's Armour Emporium.
  2349 | D:3      | Learned a level 3 spell: Stone Arrow
  2419 | D:3      | Found a snail-covered altar of Cheibriados.
  2504 | D:3      | Found Ventawn's General Store.
  2643 | D:3      | Noticed Natasha
  2647 | D:3      | Killed Natasha
  2648 | D:3      | Reached XP level 5. HP: 33/38 MP: 6/9
  2721 | D:4      | Noticed an ogre
  2782 | D:4      | Reached skill level 1 in Conjurations
  2902 | D:4      | Killed an ogre
  2903 | D:4      | Reached skill level 4 in Earth Magic
  2903 | D:4      | Reached XP level 6. HP: 45/45 MP: 7/10
  3273 | D:4      | Learned a level 4 spell: Petrify
  3312 | D:4      | Found a broken altar of Ashenzari.
  3637 | D:5      | Entered Level 5 of the Dungeon
  3641 | D:5      | Your scales start taking on a pale cyan-grey colour.
  3641 | D:5      | Reached XP level 7. HP: 50/50 MP: 9/12
  3641 | D:5      | Gained mutation: You are immune to the effects of steam.
                  | [Pale Draconian growth]
  3910 | D:5      | Found a staircase to the Ecumenical Temple.
  3916 | Temple   | Entered the Ecumenical Temple
  3974 | Temple   | Became a worshipper of Zin the Law-Giver
  3974 | Temple   | Reached * piety under Zin
  4146 | D:5      | Found a radiant altar of Vehumet.
  4668 | D:5      | Noticed a +0 dagger
  4668 | D:5      | Noticed a +0 hand axe
  4672 | D:5      | Found a hide-covered altar of Uskayaw.
  4799 | D:5      | Reached skill level 5 in Earth Magic
  4816 | D:5      | Reached XP level 8. HP: 37/57 MP: 6/14
  5222 | D:6      | Found Vextig's Antique Weapon Shoppe.
  5420 | D:6      | Reached skill level 5 in Spellcasting
  5632 | D:6      | Reached skill level 5 in Transmutations
  5848 | D:6      | Reached skill level 6 in Earth Magic
  6077 | D:6      | Found a shadowy altar of Dithmenos.
  6141 | D:6      | Reached XP level 9. HP: 47/62 MP: 7/17
  6302 | D:6      | Reached skill level 5 in Conjurations
  6383 | D:6      | Found an iron altar of Okawaru.
  6981 | D:7      | Reached skill level 7 in Earth Magic
  7122 | D:7      | Noticed a cyan ugly thing
  7122 | D:7      | Noticed a deep elf pyromancer
  7306 | D:6      | HP: 3/61 [wight/+5 mace of freezing (6)]
  7306 | D:6      | HP: 1/61 [wight/+5 mace of freezing (2)]
  7307 | D:6      | Slain by a wight

Illustrated notes

Levels and vault maps discovered:
D:1:      lemuel_arrival_hallway, layout_basic, serial_shops,
          nicolae_shop_overgrown_old_shop, hex_tiny, minmay_vboxes
D:2:      layout_loops_ring
D:3:      layout_rooms, mainiacjoe_overflow_concentric_impassable, serial_shops,
          shop_fountains, nicolae_shop_statue_plus, nicolae_shop_hallway_plus,
          nicolae_shop_waterfront, minmay_misc_feat_diagonals, uniq_terence,
          uniq_natasha
D:4:      layout_gridville, marbit_many_paths, feat_on_display
D:5:      layout_basic, mainiacjoe_overflow_surrounded_room,
          dancing_weapons_uskayaw, temple_green, minmay_ogre_servants
D:6:      layout_rooms, overflow_temple_1_default, overflow_temple_1_default,
          serial_shops, nicolae_shop_waterfront, kennysheep_generic_room_15
D:7:      layout_loops_ring, mainiacjoe_overflow_paths, minmay_the_grid_2x2
          [minmay_the_grid_embedded, minmay_the_grid_empty, minmay_the_grid_x,
          minmay_the_grid_prize_shrinking_boxes], uniq_joseph, uniq_maggie
Temple:   dshaligram_water_room_temple

Skill      XL: |  1  2  3  4  5  6  7  8  9 |
---------------+----------------------------+-----
Stealth        | 2 |  2.0
Dodging        | 2 3 |  3.2
Transmutations | 2 3 4 5 6 |  6.5
Short Blades   | 1 2 3 |  3.0
Spellcasting   | 3 4 5 6 |  6.3
Conjurations   | 1 2 3 4 6 |  6.0
Earth Magic    | 4 5 6 7 |  7.1

Action                     |  1- 3 |  4- 6 |  7- 9 || total
---------------------------+-------+-------+-------++-------
  Melee: Dagger            |    28 |    39 |    37 ||   104
         Tailslap          |     2 |     7 |     5 ||    14
         Punch             |       |       |     1 ||     1
  Throw: Dart              |       |     5 |       ||     5
   Cast: Sandblast         |    52 |    61 |   134 ||   247
         Passwall          |     1 |       |       ||     1
         Stone Arrow       |       |       |    44 ||    44
Ability: Breathe Steam     |       |       |     3 ||     3
  Evoke: Wand              |       |       |     2 ||     2
    Use: Scroll            |       |     4 |     3 ||     7
         Potion            |       |     3 |       ||     3
   Stab: Sleeping          |     1 |     1 |     1 ||     3
 Armour: Skin              |     8 |    19 |    47 ||    74
  Dodge: Dodged            |    20 |    43 |    64 ||   127

Table legend: (Time is in decaauts)
 A = Elapsed time spent in this place.
 B = Non-inter-level travel time spent in this place.
 C = Inter-level travel time spent in this place.
 D = Time resting spent in this place.
 E = Time spent auto-exploring this place.
 F = Levels seen in this place.
 G = Mean time per level.
                   A        B        C        D        E       F      G
               +--------+--------+--------+--------+--------+-----+--------+
         Total |   7442 |   7291 |    151 |   1421 |   4315 |   8 |  930.2 |
       Dungeon |   7374 |   7232 |    142 |   1421 |   4315 |   7 | 1053.4 |
        Temple |     67 |     58 |      9 |      0 |      0 |   1 |   67.0 |
               +--------+--------+--------+--------+--------+-----+--------+

Top non-repeatable levels by time:
     D:6: 1621 daAuts
     D:5: 1357 daAuts
     D:1: 1079 daAuts
     D:2: 1040 daAuts
     D:4: 843 daAuts
     D:3: 727 daAuts
     D:7: 705 daAuts
  Temple: 67 daAuts
